 Dungeon Crawl Stone Soup version 0.28-a0-1429-gf3d713df7a (webtiles) character file.

Game seed: 13183992462463227617

21422 ragingrage the Wrestler (level 12, -3/81 HPs)
             Began as a Ghoul Monk on Jan 8, 2022.
             Was an Elder of Hepliaklqana.
             Slain by a manticore (11 damage)
             ... on level 11 of the Dungeon.
             The game lasted 00:14:48 (14577 turns).

ragingrage the Wrestler (Ghoul Monk)               Turns: 14577, Time: 00:14:49

Health: -3/81      AC: 10    Str: 20    XL:     12   Next: 89%
Magic:  12/12      EV: 16    Int:  5    God:    Hepliaklqana [****..]
Gold:   910        SH:  0    Dex: 11    Spells: 11/11 levels left

rFire   . . .      SeeInvis .     - Unarmed
rCold   + . .      Faith    +   (no shield)
rNeg    + + +      Spirit   .   n - +0 acid dragon scales
rPois   ∞          Reflect  .   e - +0 helmet
rElec   .          Harm     .   P - +2 cloak {Stlth+}
rCorr   +          Rampage  .   (no gloves)
Will    .....                   (no boots)
Stlth   +++.......              w - amulet of faith
HPRegen 0.00/turn               v - +4 ring of evasion
MPRegen 0.13/turn               y - +4 ring of slaying

@: inhibited regen
A: reduced essence, claws 1, cold resistance 1, negative energy resistance 3,
inhibited regeneration, torment resistance 2
a: Renounce Religion, Recall Ancestor, Ancestor Identity, Transference, Idealise


You were on level 11 of the Dungeon.
You worshipped Hepliaklqana.
Hepliaklqana was greatly pleased with you.
You visited 3 branches of the dungeon, and saw 14 of its levels.
You also visited: Ossuary.

You collected 910 gold pieces.

Inventory:

Hand Weapons
 b - a +6 arbalest of freezing
 N - the +3 Elemental Staff {rElec rF++ rC++ AC+5}
   (You found it on level 8 of the Dungeon)

   If the wielder is skilled in Evocations, they can discharge powerful blasts
   of elemental energy when striking with it.
   It enhances your fire, ice, earth and air magic.
   AC:        It affects your AC (+5).
   rF:        It greatly protects you from fire.
   rC:        It greatly protects you from cold.
   rElec:     It insulates you from electricity.
Missiles
 j - 34 poisoned darts (quivered)
 s - 57 bolts
 t - a throwing net
 Q - 4 javelins
Armour
 e - a +0 helmet (worn)
 m - a scarf of repulsion
 n - +0 acid dragon scales (worn)
 P - a +2 cloak of stealth (worn)
Jewellery
 v - a +4 ring of evasion (left claw)
 w - an amulet of faith (around neck)
 y - a +4 ring of slaying (right claw)
 K - a ring of flight
 M - an amulet of reflection
 R - a ring of ice
Wands
 l - a wand of mindburst (8)
 H - a wand of polymorph (13)
 O - a wand of flame (24)
Scrolls
 a - 6 scrolls of teleportation
 d - a scroll of enchant armour
 g - a scroll of immolation
 h - a scroll of vulnerability
 i - 2 scrolls of amnesia
 p - 5 scrolls of silence
 r - 4 scrolls of identify
 x - a scroll of fear
 C - 2 scrolls of torment
 G - 3 scrolls of blinking {unknown}
 I - 2 scrolls of enchant weapon {unknown}
 L - a scroll of brand weapon {unknown}
Potions
 c - a potion of ambrosia {unknown}
 f - 2 potions of haste
 k - 3 potions of might {unknown}
 o - a potion of cancellation {unknown}
 q - a potion of flight {unknown}
 u - 2 potions of heal wounds {unknown}
 z - 5 potions of curing {unknown}
 A - 3 potions of magic {unknown}
 B - 2 potions of attraction {unknown}
 E - 2 potions of lignification {unknown}
 F - 2 potions of brilliance {unknown}
 J - a potion of resistance {unknown}
 T - 2 potions of berserk rage {unknown}
 U - a potion of mutation {unknown}
Miscellaneous
 S - a tin of tremorstones (2/2)


   Skills:
 + Level 4.2 Fighting
 + Level 1.8 Armour
 + Level 3.5 Dodging
 - Level 3.0 Stealth
 + Level 21.4 Unarmed Combat
 + Level 2.3 Invocations
 + Level 2.0 Evocations


You had 11 spell levels left.
You didn't know any spells.
Your spell library contained the following spells:

 Spells                   Type           Power      Damage    Failure   Level
 Blink                    Tloc           0%         N/A       71%         2
 Call Canine Familiar     Summ           0%         N/A       90%         3
 Ozocubu's Armour         Ice            0%         N/A       90%         3
 Portal Projectile        Hex/Tloc       0%         N/A       90%         3
 Stone Arrow              Conj/Erth      0%         3d7       90%         3
 Tukima's Dance           Hex            0%         N/A       90%         3
 Animate Armour           Summ/Erth      0%         N/A       100%        4
 Hailstorm                Conj/Ice       0%         3d3       100%        4
 Leda's Liquefaction      Hex/Erth       0%         N/A       100%        4
 Passage of Golubria      Tloc           0%         N/A       100%        4
 Manifold Assault         Tloc           0%         N/A       100%        5
 Metabolic Englaciation   Hex/Ice        0%         N/A       100%        5
 Yara's Violent Unravell  Hex/Tmut       0%         3d3       100%        5
 Simulacrum               Ice/Necr       0%         N/A       100%        6
 Lehudib's Crystal Spear  Conj/Erth      0%         10d2      100%        8
 Chain Lightning          Conj/Air       0%         N/A       100%        9
 Fire Storm               Conj/Fire      0%         5d1       100%        9
 Shatter                  Erth           0%         3d5*      100%        9
 Ice Form                 Ice/Tmut       Unusable   N/A       N/A         4
 Storm Form               Tmut/Air       Unusable   N/A       N/A         7

Dungeon Overview and Level Annotations

Branches:
Dungeon (11/15)            Temple (1/1) D:6            Lair (2/6) D:8
    Orc (0/2) D:10        Ossuary (visited)
  Swamp: Lair:2-4    Shoals: Lair:2-4     Snake: Lair:2-4    Spider: Lair:2-4

Altars:
Ashenzari
Cheibriados
Dithmenos
Elyvilon
Fedhas
Gozag
Hepliaklqana
Kikubaaqudgha
Makhleb
Nemelex Xobeh
Okawaru
Qazlal
Ru
Sif Muna
Trog
Uskayaw
Vehumet
Wu Jian
Xom
Yredelemnul
Zin
The Shining One

Shops:
D:6 =

Annotations:
D:3 3 runed translucent doors, Datul's ghost, weakling MiFi


Innate Abilities, Weirdness & Mutations

Your life essence is reduced to manifest your ancestor. (-10% HP)
You thrive by killing the living.
You are immune to poison.
You have sharp fingernails.
Your flesh is cold resistant. (rC+)
You are immune to negative energy. (rN+++)
You do not regenerate when monsters are visible.
You are immune to unholy pain and torment.


Message History

You climb downwards.
There is a stone staircase leading up here.
s - 57 bolts (gained 33)
You pick up an Inescapable Atlas and begin reading...
You add the spells Blink and Manifold Assault to your library.
You swap places.
You swap places.
Found a long sword.
A troll comes into view.
A troll is nearby!
A troll is nearby!
A manticore comes into view.
The manticore flicks its tail.
The volley of spikes misses you. The troll bites you!
The troll barely misses you. x2
You closely miss the manticore.
Servius gestures at the troll while chanting.
The puff of frost hits the troll!
The troll closely misses you. The troll claws you.
The troll closely misses you.
You closely miss the troll.
The troll is lightly wounded.
The manticore completely misses you. The manticore claws you. x2
You are too injured to fight recklessly!
You are too injured to fight recklessly!
You are too injured to fight recklessly!
You scratch the troll.
The troll is moderately wounded.
The troll barely misses you. The troll claws you but does no damage.
The troll closely misses you. The manticore bites you!
The manticore claws you but does no damage. x2
You scratch the troll.
The troll is heavily wounded.
Servius hits the troll with a +0 quarterstaff!!
You barely miss the troll.
The troll is almost dead.
The troll barely misses you. The troll claws you! x2
The manticore bites you!!
* * * LOW HITPOINT WARNING * * *
The manticore claws you!
You die...

#.#............###
###...<.....###.....
.............# ##....
.............# #....
.......####### .....
#.##.#<######## ##...
#.##.#.#....... ##..
#..HR.......#######..
#..T@.......##.......
#..............####..
#...........####..R..
#...........###..####
#......)....##..###..
#...#############...#
##....############....
..$...^...............
.#....#############...


You could see the friendly Servius the battlemage, a manticore and a troll (ally
target).

Vanquished Creatures
  Snorg (D:10)
  Fannar (D:10)
  A boulder beetle (D:8)
  A hydra (D:11)
  A death yak (D:10)
  3 two-headed ogres
  Pikel (D:6)
  A deep elf pyromancer (D:11)
  An ugly thing (D:11)
  A cyclops (D:11)
  A manticore (D:11)
  A gargoyle (D:11)
  3 cane toads
  Maggie (D:6)
  A komodo dragon (Lair:1)
  A kobold demonologist (D:10)
  An ice devil (D:8)
  A hornet (D:9)
  Prince Ribbit (D:7)
  Grinder (D:4)
  2 polar bears
  A queen bee (D:8)
  A troll (D:11)
  A vampire (D:11)
  A shadow (D:9)
  A wyvern (D:7)
  2 centaur simulacra (D:10)
  7 yaks
  4 fire elementals (D:8)
  3 steam dragons (D:8)
  4 vampire mosquitoes (D:9)
  Menkaure (D:7)
  3 wargs
  3 water moccasins
  An acid dragon (D:10)
  A floating eye (D:8)
  2 orc warriors
  3 sky beasts
  A black bear (D:8)
  An ice beast (D:10)
  3 ogres
  7 centaurs
  3 lemures (D:6)
  Blork the orc (D:4)
  4 kobold brigands
  3 bullfrogs
  2 gnoll sergeants
  3 wyvern zombies
  2 water moccasin zombies (Ossuary)
  A wyvern skeleton (D:6)
  11 killer bees
  11 wights
  A howler monkey (D:4)
  An electric eel (D:10)
  7 bullfrog zombies (Ossuary)
  7 centaur zombies
  A jelly (D:7)
  8 orc priests
  A hound (D:6)
  2 iguanas
  7 orc wizards
  5 hell rats (Lair:2)
  Natasha (thrice) (D:2)
  A killer bee zombie (Ossuary)
  A hound zombie (D:5)
  16 mummies
  Robin (D:1)
  12 gnolls
  8 adders
  2 shadow imps
  3 white imps
  3 ufetubi (D:10)
  A worm (D:2)
  3 dart slugs
  29 orcs
  5 bats
  5 endoplasms
  5 giant cockroaches
  16 goblins
  7 hobgoblins
  3 jackals
  3 quokkas (D:1)
  5 ball pythons
  7 frilled lizards
  28 kobolds
  8 rats
333 creatures vanquished.

Vanquished Creatures (collateral kills)
  A centaur zombie (D:11)
  A black mamba (Lair:2)
  A komodo dragon (Lair:1)
  A basilisk (Lair:1)
  2 bullfrogs (Lair:1)
  A hell rat (Lair:2)
  An orc wizard (D:11)
8 creatures vanquished.

Vanquished Creatures (others)
  A battlemage (D:11)
  2 fungi
  10 plants
  7 withered plants (Ossuary)
20 creatures vanquished.

Grand Total: 361 creatures vanquished

Notes
Turn   | Place    | Note
-------+----------+-------------------------------------------
     0 | D:1      | ragingrage the Ghoul Monk began the quest for the Orb.
     0 | D:1      | Reached XP level 1. HP: 19/19 MP: 0/0
   227 | D:1      | Reached XP level 2. HP: 20/26 MP: 1/1
   342 | D:1      | Reached skill level 4 in Unarmed Combat
   657 | D:1      | Reached XP level 3. HP: 30/31 MP: 2/2
   672 | D:1      | Found a faded altar of an unknown god.
   877 | D:2      | Noticed Natasha
   968 | D:2      | Killed Natasha
   969 | D:2      | Reached skill level 5 in Unarmed Combat
   969 | D:2      | Reached XP level 4. HP: 38/38 MP: 3/3
  1171 | D:2      | Noticed Natasha
  1175 | D:2      | Killed Natasha
  1176 | D:2      | Reached skill level 6 in Unarmed Combat
  1176 | D:2      | Reached XP level 5. HP: 45/45 MP: 4/4
  1300 | D:2      | Noticed Robin
  1745 | D:2      | Noticed Natasha
  1770 | D:2      | Killed Natasha
  2050 | D:1      | Killed Robin
  2572 | D:3      | Found a runed translucent gate.
  2573 | D:3      | Found a runed translucent gate.
  2574 | D:3      | Found a runed translucent gate.
  2574 | D:3      | Noticed Datul's ghost (weakling MiFi)
  2575 | D:3      | Noticed a kobold brigand
  2661 | D:4      | Noticed Sigmund
  2761 | D:3      | Reached skill level 7 in Unarmed Combat
  2761 | D:3      | Reached XP level 6. HP: 40/51 MP: 5/5
  3046 | D:3      | Found a sacrificial altar of Ru.
  3396 | D:4      | Noticed Sigmund
  3400 | D:4      | Killed Sigmund the howler monkey
  3401 | D:4      | Reached skill level 8 in Unarmed Combat
  3523 | D:4      | Noticed a sky beast
  3530 | D:4      | Noticed Blork the orc
  3535 | D:4      | Killed a sky beast
  3536 | D:4      | Reached XP level 7. HP: 29/57 MP: 6/6
  3543 | D:4      | Killed Blork the orc
  3544 | D:4      | Reached skill level 9 in Unarmed Combat
  3745 | D:4      | Noticed Grinder
  3757 | D:4      | Paralysed by Grinder for 5 turns
  3766 | D:4      | Killed Grinder
  4440 | D:5      | Entered Level 5 of the Dungeon
  4444 | D:5      | Reached skill level 10 in Unarmed Combat
  4606 | D:5      | Reached XP level 8. HP: 63/63 MP: 7/7
  4621 | D:5      | Found a stormy altar of Qazlal.
  4997 | D:5      | Reached skill level 11 in Unarmed Combat
  5467 | D:6      | Noticed Maggie
  5477 | D:6      | Killed Maggie
  5478 | D:6      | Reached skill level 12 in Unarmed Combat
  5579 | D:6      | Reached XP level 9. HP: 64/70 MP: 8/8
  5595 | D:6      | Found Wario's One-of-a-Kind Rings.
  5687 | D:6      | Found a sand-covered staircase.
  5702 | Ossuary  | Entered an ossuary
  5724 | Ossuary  | Reached skill level 13 in Unarmed Combat
  6004 | Ossuary  | Reached skill level 14 in Unarmed Combat
  6694 | D:6      | Found a staircase to the Ecumenical Temple.
  6699 | Temple   | Entered the Ecumenical Temple
  6901 | D:6      | Noticed Pikel
  6917 | D:6      | Killed Pikel
  6918 | D:6      | Reached skill level 15 in Unarmed Combat
  6918 | D:6      | Reached XP level 10. HP: 77/77 MP: 9/9
  6973 | D:7      | Found a burning altar of Makhleb.
  6973 | D:7      | Found a shimmering altar of Xom.
  6973 | D:7      | Found an iron altar of Okawaru.
  7678 | D:7      | Noticed Prince Ribbit
  7691 | D:7      | Killed Prince Ribbit
  7734 | D:7      | Noticed Menkaure
  7740 | D:7      | Killed Menkaure
  7741 | D:7      | Reached skill level 16 in Unarmed Combat
  8155 | D:8      | Found a staircase to the Lair.
  8504 | D:8      | Noticed a deep elf pyromancer
  8505 | D:8      | a deep elf pyromancer changed into a floating eye
  8514 | D:8      | Noticed a boulder beetle
  8541 | D:8      | Killed a boulder beetle
  8542 | D:8      | Reached skill level 17 in Unarmed Combat
  8714 | D:8      | Reached XP level 11. HP: 82/82 MP: 10/10
  8877 | D:8      | Noticed Maurice
  8878 | D:8      | Noticed Maurice
  8878 | D:8      | Maurice changed into Maurice the queen bee
  8888 | D:8      | Killed Maurice the queen bee
  8889 | D:8      | Reached skill level 18 in Unarmed Combat
  9124 | D:8      | Found a basalt altar of Yredelemnul.
  9221 | D:8      | Noticed a two-headed ogre
  9224 | D:8      | Killed a two-headed ogre
  9385 | D:8      | You fall into a shaft and drop 1 floor!
  9709 | D:8      | Found a hide-covered altar of Uskayaw.
  9755 | D:8      | Found an ancient bone altar of Kikubaaqudgha.
  9829 | D:9      | Found an ornate altar of the Wu Jian Council.
  9876 | D:9      | Noticed a two-headed ogre
  9887 | D:9      | Killed a two-headed ogre
  9907 | D:9      | Reached skill level 19 in Unarmed Combat
 10664 | D:10     | Entered Level 10 of the Dungeon
 10718 | D:10     | Noticed Fannar
 10938 | D:10     | Noticed a two-headed ogre
 10946 | D:10     | Noticed a death yak
 10954 | D:10     | Killed a two-headed ogre
 10960 | D:10     | Killed a death yak
 10977 | D:9      | Reached skill level 20 in Unarmed Combat
 11488 | D:10     | Killed Fannar
 11489 | D:10     | Reached XP level 12. HP: 61/89 MP: 11/11
 11821 | D:10     | Found a hazy altar of Hepliaklqana.
 11940 | D:10     | Became a worshipper of Hepliaklqana the Forgotten
 11940 | D:10     | Reached * piety under Hepliaklqana
 11940 | D:10     | Reached ** piety under Hepliaklqana
 11941 | D:10     | Remembered your ancestor Servius as a battlemage
 11965 | D:10     | Noticed Snorg
 11973 | D:10     | Killed Snorg
 12103 | D:10     | Found a staircase to the Orcish Mines.
 12263 | D:11     | Noticed a four-headed hydra
 12270 | D:11     | Killed a four-headed hydra
 12271 | D:11     | Reached skill level 21 in Unarmed Combat
 12616 | Lair:1   | Entered Level 1 of the Lair of Beasts
 12751 | Lair:1   | Reached *** piety under Hepliaklqana
 12795 | Lair:1   | Reached skill level 1 in Invocations
 12851 | Lair:1   | Reached skill level 1 in Evocations
 12896 | Lair:1   | Reached skill level 1 in Armour
 13597 | Lair:2   | Reached **** piety under Hepliaklqana
 14367 | Lair:2   | Identified a scroll of acquirement
 14367 | Lair:2   | Acquired a +6 arbalest of freezing
 14577 | D:11     | Slain by a manticore

Illustrated notes

Levels and vault maps discovered:
D:1:      nzn_arrival_depleted_hourglass, layout_basic, basic_ecumenical_altar,
          nicolae_figureground_sparkle
D:2:      layout_rooms, kennysheep_generic_room_3, uniq_robin, uniq_natasha
D:3:      layout_loops_corners, mainiacjoe_overflow_brackets,
          gammafunk_ghost_nasty_kobolds, minmay_fractal_squares_diagonal_5
D:4:      layout_loops_cross, uniq_sigmund, uniq_grinder, uniq_blork_the_orc
D:5:      layout_gridville, mainiacjoe_overflow_chevrons
D:6:      layout_basic, minmay_temple_entry_butterflies,
          gup_ossuary_entry_pyramid, hangedman_abyss_or_decor_lesser_grid,
          nicolae_shop_unique_rings, uniq_pikel, uniq_maggie
D:7:      layout_gridville, grunt_temple_overflow_open, uniq_prince_ribbit1,
          uniq_menkaure
D:8:      layout_basic, kennysheep_ying_yang, mainiacjoe_overflow_swirl,
          erik_lair_orcish_takeover, dilly_guarded_unrand_elemental_staff,
          uniq_maurice
D:9:      layout_cave_pods, nicolae_wu_jian_wuxing_cycle
D:10:     layout_rooms, nicolae_hepliaklqana_hazy_memory, orc_0_dummy,
          serial_ice, serial_ice_i, serial_ice_f, serial_ice_h, serial_ice_d,
          uniq_fannar, uniq_snorg
D:11:     layout_rooms
Temple:   jpeg_temple_clearing
Lair:1:   layout_roguey, minivault_26
Lair:2:   layout_cave_pods, serial_forest, infiniplex_forest_clump_small,
          infiniplex_forest_end_3, infiniplex_forest_clump_medium,
          infiniplex_forest_zigzag_2, infiniplex_forest_clump_diagonal,
          serial_bayou_shore_a

Skill      XL: |  1  2  3  4  5  6  7  8  9 10 11 12 |
---------------+-------------------------------------+-----
Unarmed Combat | 4 5 6 7 8 10 12 15 17 20 21 | 21.4
Invocations    | 2 |  2.3
Dodging        | 3 |  3.5
Evocations     | 2 |  2.0
Armour         | 1 |  1.8
Stealth        | 3 |  3.0
Fighting       | 4 |  4.2

Action                   |  1- 3 |  4- 6 |  7- 9 | 10-12 || total
-------------------------+-------+-------+-------+-------++-------
Melee: Unarmed           |    89 |   183 |   237 |   442 ||   951
       Punch             |     1 |     7 |    10 |    45 ||    63
Throw: Dart              |       |       |     8 |    19 ||    27
Invok: Ancestor Life: Ba |       |       |       |     1 ||     1
       Ancestor Identity |       |       |       |     1 ||     1
Evoke: Wand              |       |     6 |     1 |     4 ||    11
  Use: Scroll            |       |       |       |    14 ||    14
 Stab: Sleeping          |     1 |     3 |     2 |     8 ||    14
       Distracted        |       |       |     1 |     2 ||     3
Armor: Ring mail         |    14 |    63 |    17 |       ||    94
       Robe              |     1 |       |       |       ||     1
       Steam dragon scal |       |       |    19 |    56 ||    75
       Acid dragon scale |       |       |       |    24 ||    24
Dodge: Dodged            |    42 |   118 |   121 |   262 ||   543
       Repelled          |       |       |       |     1 ||     1
Block: Other             |       |       |       |    55 ||    55
       Reflection        |       |       |       |     7 ||     7

Table legend: (Time is in decaauts)
 A = Elapsed time spent in this place.
 B = Non-inter-level travel time spent in this place.
 C = Inter-level travel time spent in this place.
 D = Time resting spent in this place.
 E = Time spent auto-exploring this place.
 F = Levels seen in this place.
 G = Mean time per level.
                   A        B        C        D        E       F      G
               +--------+--------+--------+--------+--------+-----+--------+
         Total |  14395 |  13645 |    750 |   2484 |   8866 |  15 |  959.7 |
       Dungeon |  11789 |  11095 |    694 |   2094 |   7068 |  11 | 1071.7 |
        Temple |    139 |    121 |     18 |      0 |    110 |   1 |  139.0 |
          Lair |   1766 |   1729 |     37 |    148 |   1431 |   2 |  883.0 |
       Ossuary |    700 |    700 |      0 |    242 |    256 |   1 |  700.0 |
               +--------+--------+--------+--------+--------+-----+--------+

Top non-repeatable levels by time:
     D:9: 1767 daAuts
     D:1: 1358 daAuts
     D:8: 1280 daAuts
     D:7: 1275 daAuts
     D:4: 1220 daAuts
     D:3: 1084 daAuts
  Lair:2: 930 daAuts
     D:2: 891 daAuts
    D:10: 881 daAuts
  Lair:1: 836 daAuts
     D:5: 805 daAuts
     D:6: 720 daAuts
 Ossuary: 700 daAuts
    D:11: 503 daAuts
  Temple: 139 daAuts
